 Dungeon Crawl Stone Soup version 0.30-a0-587-gfd7c166f36 (webtiles) character file.

Game seed: 4389567556947494109

35 Bnni the Vexing (level 3, -2/26 HPs)
             Began as a Formicid Hexslinger on Jan 4, 2023.
             Slain by a worm (9 damage)
             ... on level 2 of the Dungeon.
             The game lasted 00:02:31 (992 turns).

Bnni the Vexing (Formicid Hexslinger)                Turns: 992, Time: 00:02:32

Health: -2/26      AC:  2    Str: 14    XL:     3   Next: 52%
Magic:  4/5        EV: 12    Int: 14    God:
Gold:   122        SH:  0    Dex: 14    Spells: 0/4 levels left

rFire   . . .      SeeInvis +    a - +1 sling
rCold   . . .      Faith    +    (no shield)
rNeg    . . .      Spirit   .    c - +0 robe
rPois   .          Reflect  .    (helmet unavailable)
rElec   .          Harm     .    (no cloak)
rCorr   .          Rampage  .    (no gloves)
Will    .....                    (no boots)
Stlth   +                        k - amulet of faith
HPRegen 0.24/turn                (no ring)
MPRegen 0.09/turn                (no ring)

@: no status effects
A: permanent stasis, dig shafts and tunnels, antennae 3, four strong arms
a: Dig, Shaft Self


You were on level 2 of the Dungeon.
You visited 1 branch of the dungeon, and saw 2 of its levels.

You collected 122 gold pieces.

Inventory:

Hand Weapons
 a - a +1 sling (weapon)
Armour
 c - a +0 robe (worn)
Jewellery
 k - an amulet of faith (around neck)
Wands
 l - a wand of flame (8)
Scrolls
 b - 2 scrolls of poison
 d - 3 scrolls of noise {unknown}
 g - 2 scrolls of magic mapping {unknown}
 i - 2 scrolls of identify {unknown}
 j - a scroll of enchant weapon {unknown}
Potions
 e - a potion of cancellation {unknown}
 f - a potion of resistance {unknown}
 h - a potion of mutation {unknown}


   Skills:
 + Level 1.4 Fighting
 * Level 2.4 Ranged Weapons
 - Level 1.7 Dodging
 + Level 1.4 Spellcasting
 * Level 4.0 Hexes
 * Level 1.4 Fire Magic


You couldn't memorise any spells.
You knew the following spells:

 Your Spells              Type           Power      Damage    Failure   Level
a - Slow                  Hex            48%        N/A       4%          1
b - Inner Flame           Hex/Fire       8%         N/A       24%         3

Your spell library contained the following spells:

 Spells                   Type           Power      Damage    Failure   Level
 Necrotise                Necr           4%         1d4       26%         1
 Portal Projectile        Hex/Tloc       12%        N/A       32%         3
 Cause Fear               Hex            6%         N/A       43%         4
 Vampiric Draining        Necr           1%         2d6       58%         3
 Agony                    Necr           1%         N/A       100%        5


Dungeon Overview and Level Annotations

Branches:
Dungeon (2/15)

Altars:


Innate Abilities, Weirdness & Mutations

You cannot be hasted, slowed, berserked, paralysed or teleported.
You can dig through walls and to a lower floor.
You have a pair of large antennae on your head. (SInv)
Your four strong arms can wield two-handed weapons with a shield.


Message History

The sling bullet barely misses the worm.
A worm is nearby!
You shoot a sling bullet.
The sling bullet barely misses the worm.
The worm bites you.
A worm is nearby!
You shoot a sling bullet.
The sling bullet barely misses the worm.
The worm bites you!
A worm is nearby!
You shoot a sling bullet. The sling bullet hits the worm.
The worm is heavily wounded.
The worm closely misses you.
A worm is nearby!
You shoot a sling bullet. The sling bullet hits the worm.
The worm is severely wounded.
Cast which spell? (? or * to list)
Aiming: Slow (safe; 4% risk of failure)
Press: ? - help, Shift-Dir - straight line, f/p - worm
Aim: a worm (severely wounded, chance to affect: 54%)
The worm seems to slow down.
The worm closely misses you.
You shoot a sling bullet. The sling bullet hits the worm.
The worm is almost dead.
You shoot a sling bullet.
The sling bullet hits the worm but does no damage.
The worm is almost dead.
The worm bites you!
* * * LOW HITPOINT WARNING * * *
Fire: a) +1 sling
Press: ? - help, Shift-Dir - straight line, f/p - worm
Aim: a worm (severely wounded, slow, 77% to hit)
You shoot a sling bullet. The sling bullet hits the worm.
The worm is almost dead.
Fire: a) +1 sling
Press: ? - help, Shift-Dir - straight line, f/p - worm
Aim: a worm (almost dead, slow, 77% to hit)
You shoot a sling bullet. The sling bullet hits the worm.
The worm is almost dead.
The worm bites you!
You die...

......÷..###.## # #.
..###..#.## ##.# #.
#.#..###. #.# #..
........... #.##
##.#
.#.........##.###.##
.....# #...........
... #####.######
#w#.#######†# #
#@#.....<)..# #
#.########### #
#......###########
######............
#############


You could see a worm (slow).

Vanquished Creatures
  An adder (D:2)
  A dart slug (D:1)
  3 bats
  2 endoplasms (D:1)
  2 giant cockroaches (D:1)
  2 goblins (D:1)
  4 hobgoblins (D:1)
  2 jackals (D:2)
  A quokka (D:2)
  2 ball pythons
  2 kobolds (D:2)
22 creatures vanquished.

Notes
Turn   | Place    | Note
-------+----------+-------------------------------------------
     0 | D:1      | Bnni the Formicid Hexslinger began the quest for the Orb.
     0 | D:1      | Reached XP level 1. HP: 15/15 MP: 2/2
    46 | D:1      | Found a faded altar of an unknown god.
   106 | D:1      | Reached XP level 2. HP: 20/21 MP: 3/3
   269 | D:1      | Reached skill level 1 in Fire Magic
   592 | D:2      | Reached XP level 3. HP: 26/26 MP: 5/5
   596 | D:2      | Learned a level 3 spell: Inner Flame
   748 | D:2      | Reached skill level 4 in Hexes
   992 | D:2      | Slain by a worm

Illustrated notes

Levels and vault maps discovered:
D:1:      pf_arrival_petrified_forest, layout_rooms,
          dreamdust_ecumenical_altar_grove
D:2:      layout_loops_ring, roderic_lattice_a

Skill      XL: |  1  2  3 |
---------------+----------+-----
Fire Magic     | 1 |  1.4
Hexes          | 4 |  4.0
Fighting       | |  1.4
Ranged Weapons | |  2.4
Dodging        | |  1.7
Spellcasting   | |  1.4

Action                   || total
-------------------------++-------
 Fire: Sling             ||    78
 Cast: Slow              ||     1
Armor: Robe              ||     8
Dodge: Dodged            ||    22

Table legend: (Time is in decaauts)
 A = Elapsed time spent in this place.
 B = Non-inter-level travel time spent in this place.
 C = Inter-level travel time spent in this place.
 D = Time resting spent in this place.
 E = Time spent auto-exploring this place.
 F = Levels seen in this place.
 G = Mean time per level.
                   A        B        C        D        E       F      G
               +--------+--------+--------+--------+--------+-----+--------+
         Total |   1013 |    981 |     32 |      0 |    807 |   2 |  506.5 |
       Dungeon |   1013 |    981 |     32 |      0 |    807 |   2 |  506.5 |
               +--------+--------+--------+--------+--------+-----+--------+

Top non-repeatable levels by time:
     D:2: 508 daAuts
     D:1: 505 daAuts
